 Dungeon Crawl Stone Soup version 0.30-a0-883-g5ad918d77d (webtiles) character file.

Game seed: 5830861669976968198

1968045 retardedninja the Axe Maniac (level 27, 273/273 HPs)
             Began as a Hill Orc Fighter on Mar 17, 2023.
             Was the Champion of Beogh.
             Escaped with the Orb
             ... and 4 runes!
             The game lasted 02:46:16 (90360 turns).

retardedninja the Axe Maniac (Hill Orc Fighter)    Turns: 90360, Time: 02:46:16

Health: 273/273    AC: 50    Str: 50    XL:     27
Magic:  28/28      EV: 13    Int:  7    God:    Beogh [******]
Gold:   8674       SH: 35    Dex: 13    Spells: 26/26 levels left

rFire   + . .      SeeInvis +    z - +8 mithril axe "Arga" {speed, Will+}
rCold   + + .      Faith    .    y - +8 tower shield of Honour {Str+4 Dex+4}
rNeg    . . .      Spirit   .    s - +8 crystal plate armour
rPois   +          Reflect  +    j - +2 helmet {SInv}
rElec   .          Rampage  .    x - +1 cloak {rPois}
rCorr   +          NoCast   +    l - +1 pair of gloves {Stlth+}
Will    +++..                    Z - +3 pair of mountain boots {steadfast, rC+} Stlth
                                 n - amulet "Foni" {Reflect -Cast rF+ rC+ rCorr SH+5}
HPRegen 0.65/turn                q - +6 ring of strength
MPRegen 0.21/turn                U - ring of the Komodo Dragon {AC+4 Str+3}

@: studying Dodging
A: walk on water, hooves 2, iridescent scales 1, deformed body, low MP 2,
screaming 1, strong 1
0: Orb of Zot
}: 4/15 runes: decaying, serpentine, slimy, silver
a: Renounce Religion, Smiting, Recall Orcish Followers, Give Item to Named
Follower, Resurrection


You escaped.
You worshipped Beogh.
Beogh was exalted by your worship.
You visited 13 branches of the dungeon, and saw 57 of its levels.
You visited the Abyss 1 time.
You visited 1 bazaar.
You also visited: Trove, Ossuary and Gauntlet.

You collected 12106 gold pieces.
You spent 3432 gold pieces at shops.

Inventory:

Hand Weapons
 z - the +8 mithril axe "Arga" (weapon) {speed, Will+}
   (You took it off a naga mage on level 3 of the Snake Pit)

   Will:      It increases your willpower.
 R - a +12 club of pain
 S - a +2 scythe of pain
 W - the +13 scythe of Curses {drain, curses, Drain}
   (You found it on level 3 of the Swamp)

   Drain:     It drains your maximum health when unequipped.
Missiles
 L - 14 silver javelins (quivered)
 Q - a throwing net
Armour
 j - a +2 helmet of see invisible (worn)
 l - a +1 pair of gloves of stealth (worn)
 s - a +8 crystal plate armour (worn)
 x - a +1 cloak of poison resistance (worn)
 y - the +8 tower shield of Honour (worn) {Str+4 Dex+4}
   (You acquired it on level 2 of the Depths)

   Str:       It affects your strength (+4).
   Dex:       It affects your dexterity (+4).
 E - +0 gold dragon scales
 M - +0 storm dragon scales
 Z - the +3 pair of mountain boots (worn) {steadfast, rC+}
   (You found it on level 2 of the Depths)

   Steadfast: It prevents involuntary movement, except for blinking,
   teleportation, or banishment.
   rC:        It protects you from cold.
Jewellery
 i - a +4 ring of protection
 n - the amulet "Foni" (around neck) {Reflect -Cast rF+ rC+ rCorr SH+5}
   (You found it on level 7 of the Dungeon)

   [amulet of reflection]

   It reflects blocked missile attacks.
   rF:        It protects you from fire.
   rC:        It protects you from cold.
   -Cast:     It prevents spellcasting.
   rCorr:     It protects you from acid and corrosion.
   SH:        It affects your SH (+5).
 q - a +6 ring of strength (left hand)
 U - the ring of the Komodo Dragon (right hand) {AC+4 Str+3}
   (You acquired it on level 3 of the Realm of Zot)

   [ring of protection]

   AC:        It affects your AC (+4).
   Str:       It affects your strength (+3).
Wands
 b - a wand of light (15)
 D - a wand of polymorph (22)
 F - a wand of iceblast (34)
 H - a wand of flame (121)
 J - a wand of mindburst (15)
 T - a wand of paralysis (77)
 X - a wand of digging (11)
Scrolls
 e - 7 scrolls of fog
 f - 40 scrolls of teleportation
 o - 13 scrolls of amnesia
 w - a scroll of enchant armour
 G - a scroll of vulnerability
 K - 11 scrolls of poison
 N - 3 scrolls of magic mapping
 P - 4 scrolls of fear
 Y - 7 scrolls of blinking
Potions
 a - 10 potions of berserk rage
 g - 29 potions of curing
 h - 4 potions of haste
 k - a potion of brilliance
 m - 7 potions of mutation
 p - 6 potions of magic
 r - 10 potions of flight
 u - 2 potions of cancellation
 v - 3 potions of attraction
 A - 2 potions of resistance
 C - 6 potions of ambrosia
 I - 8 potions of might
 O - 10 potions of heal wounds
Miscellaneous
 c - a box of beasts
 d - a condenser vane
 t - a phantom mirror
 B - a tin of tremorstones (2/2)
 V - a lightning rod (4/4)


   Skills:
 O Level 27 Fighting
 O Level 27 Axes
 - Level 10.8 Throwing
 + Level 22.6 Armour
 + Level 12.4 Dodging
 + Level 22.7 Shields
 * Level 16.5 Invocations
 - Level 11.9 Evocations


You had 26 spell levels left.
You didn't know any spells.
Your spell library contained the following spells:

 Spells                   Type           Power      Damage    Failure   Level
 Beastly Appendage        Tmut           0%         N/A       95%         1
 Foxfire                  Conj/Fire      0%         2x1d4     95%         1
 Freeze                   Ice            0%         1d3       95%         1
 Magic Dart               Conj           0%         1d3       95%         1
 Necrotise                Necr           0%         1d4       95%         1
 Slow                     Hex            0%         N/A       95%         1
 Sting                    Tmut/Pois      0%         1d3       95%         1
 Blink                    Tloc           0%         N/A       99%         2
 Call Imp                 Summ           0%         N/A       99%         2
 Cigotuvi's Dreadful Rot  Necr/Pois/Air  0%         N/A       99%         2
 Ensorcelled Hibernation  Hex/Ice        0%         N/A       99%         2
 Lesser Beckoning         Tloc           0%         N/A       99%         2
 Momentum Strike          Conj/Tloc      0%         3d8       99%         2
 Passwall                 Tmut/Erth      0%         N/A       99%         2
 Poisonous Vapours        Pois/Air       0%         N/A       99%         2
 Scorch                   Fire           0%         2d5       99%         2
 Sublimation of Blood     Necr           0%         N/A       99%         2
 Wereblood                Tmut           0%         N/A       99%         2
 Call Canine Familiar     Summ           0%         N/A       100%        3
 Confusing Touch          Hex            0%         N/A       100%        3
 Dazzling Flash           Conj/Hex       0%         N/A       100%        3
 Frozen Ramparts          Ice            0%         1d1       100%        3
 Gell's Gravitas          Tloc           0%         N/A       100%        3
 Hailstorm                Conj/Ice       0%         3d3       100%        3
 Ignite Poison            Fire/Tmut/Pois 0%         N/A       100%        3
 Inner Flame              Hex/Fire       0%         N/A       100%        3
 Kindle Blastsparks       Fire/Tloc/Air  0%         2d10      100%        3
 Mephitic Cloud           Conj/Pois/Air  0%         N/A       100%        3
 Ozocubu's Armour         Ice            0%         N/A       100%        3
 Portal Projectile        Hex/Tloc       0%         N/A       100%        3
 Spider Form              Tmut/Pois      0%         N/A       100%        3
 Stone Arrow              Conj/Erth      0%         3d7       100%        3
 Summon Guardian Golem    Hex/Summ       0%         N/A       100%        3
 Swiftness                Air            0%         N/A       100%        3
 Teleport Other           Tloc           0%         N/A       100%        3
 Tukima's Dance           Hex            0%         N/A       100%        3
 Vampiric Draining        Necr           0%         2d6       100%        3
 Vhi's Electric Charge    Tloc/Air       0%         N/A       100%        3
 Anguish                  Hex/Necr       0%         N/A       100%        4
 Animate Armour           Summ/Erth      0%         N/A       100%        4
 Animate Dead             Necr           0%         N/A       100%        4
 Cause Fear               Hex            0%         N/A       100%        4
 Dispel Undead            Necr           0%         3d6       100%        4
 Flame Wave               Conj/Fire      0%         2d4       100%        4
 Fulminant Prism          Conj/Hex       0%         3d5       100%        4
 Ice Form                 Ice/Tmut       0%         N/A       100%        4
 Iskenderun's Mystic Bla  Conj/Tloc      0%         2d3       100%        4
 Leda's Liquefaction      Hex/Erth       0%         N/A       100%        4
 Manifold Assault         Tloc           0%         N/A       100%        4
 Olgreb's Toxic Radiance  Pois           0%         N/A       100%        4
 Petrify                  Tmut/Erth      0%         N/A       100%        4
 Sticky Flame             Conj/Fire      0%         2d3       100%        4
 Summon Ice Beast         Ice/Summ       0%         N/A       100%        4
 Summon Lightning Spire   Summ/Air       0%         N/A       100%        4
 Agony                    Necr           0%         N/A       100%        5
 Alistair's Intoxication  Tmut/Pois      0%         N/A       100%        5
 Blade Hands              Tmut           0%         N/A       100%        5
 Borgnjor's Vile Clutch   Necr/Erth      0%         N/A       100%        5
 Fireball                 Conj/Fire      0%         3d3       100%        5
 Freezing Cloud           Conj/Ice/Air   0%         6-21      100%        5
 Irradiate                Conj/Tmut      0%         3d11      100%        5
 Iskenderun's Battlesphe  Conj           0%         2d6       100%        5
 Lee's Rapid Deconstruct  Erth           0%         3d4*      100%        5
 Metabolic Englaciation   Hex/Ice        0%         N/A       100%        5
 Silence                  Hex/Air        0%         N/A       100%        5
 Summon Forest            Summ/Tloc      0%         N/A       100%        5
 Conjure Ball Lightning   Conj/Air       0%         3x3d6     100%        6
 Death Channel            Necr           0%         N/A       100%        6
 Dispersal                Tloc           0%         N/A       100%        6
 Eringya's Noxious Bog    Tmut/Pois      0%         N/A       100%        6
 Iron Shot                Conj/Erth      0%         9d1       100%        6
 Simulacrum               Ice/Necr       0%         N/A       100%        6
 Starburst                Conj/Fire      0%         6d3       100%        6
 Statue Form              Tmut/Erth      0%         N/A       100%        6
 Summon Cactus Giant      Summ           0%         N/A       100%        6
 Dragon Form              Tmut           0%         N/A       100%        7
 Enfeeble                 Hex            0%         N/A       100%        7
 Haunt                    Necr/Summ      0%         N/A       100%        7
 Malign Gateway           Summ/Tloc      0%         N/A       100%        7
 Orb of Destruction       Conj           0%         9d5       100%        7
 Ozocubu's Refrigeration  Ice            0%         4d7       100%        7
 Spellforged Servitor     Conj/Summ      0%         N/A       100%        7
 Storm Form               Tmut/Air       0%         N/A       100%        7
 Summon Hydra             Summ           0%         N/A       100%        7
 Borgnjor's Revivificati  Necr           0%         N/A       100%        8
 Discord                  Hex            0%         N/A       100%        8
 Disjunction              Tloc           0%         N/A       100%        8
 Ignition                 Fire           0%         3d3       100%        8
 Infestation              Necr           0%         N/A       100%        8
 Lehudib's Crystal Spear  Conj/Erth      0%         10d2      100%        8
 Chain Lightning          Conj/Air       0%         N/A       100%        9
 Dragon's Call            Summ           0%         N/A       100%        9
 Fire Storm               Conj/Fire      0%         5d1       100%        9
 Polar Vortex             Ice            0%         N/A       100%        9
 Shatter                  Erth           0%         3d5*      100%        9


Dungeon Overview and Level Annotations

Branches:
Dungeon (15/15)            Temple (1/1) D:4            Lair (5/5) D:9
  Swamp (4/4) Lair:3        Snake (4/4) Lair:2        Slime (5/5) Lair:5
    Orc (2/2) D:9             Elf (3/3) Orc:2        Vaults (5/5) D:13
  Crypt (3/3) Vaults:3       Tomb (0/3) Crypt:3      Depths (4/4) D:15
   Hell (visited)             Dis (0/7) Hell            Geh (0/7) Hell
    Coc (0/7) Hell            Tar (0/7) Hell            Zot (5/5) Depths:4
Ossuary (visited)         Gauntlet (visited)

Altars:
Ashenzari
Cheibriados
Dithmenos
Elyvilon
Fedhas
Gozag
Hepliaklqana
Kikubaaqudgha
Makhleb
Nemelex Xobeh
Okawaru
Qazlal
Ru
Sif Muna
Trog
Uskayaw
Vehumet
Wu Jian
Xom
Yredelemnul
Zin
The Shining One
Jiyva

Shops:
D:1 :   D:5 (   D:11 *   D:12 =   D:13 =   Orc:1 *   Orc:2 [=(?!([[*
Elf:1 ((?   Vaults:4 *(   Depths:1 *([*?   Depths:4 :

Portals:
Hell: Depths:1 Depths:2 Depths:3 Depths:4
Abyss: Depths:1 Depths:3
Pandemonium: Depths:1 Depths:2
Ziggurat: Depths:1

Annotations:
D:7 1 runed translucent door, Crazy Yiuf
Elf:1 6 runed translucent doors
Vaults:2 1 transporter


Innate Abilities, Weirdness & Mutations

You can walk on water.
You have hoof-like feet.
You are partially covered in iridescent scales. (AC +2)
Armour fits poorly on your strangely shaped body.
Your magical capacity is very low. (-20% MP)
You occasionally shout uncontrollably at your foes.
Your muscles are strong. (Str +4, Int/Dex -1)


Message History

You block the Executioner's attack. x4
The Executioner hits you but does no damage. x2
You closely miss the Executioner.
The Executioner is severely wounded.
You block the Executioner's attack. x2; The Executioner hits you.
You block the Executioner's attack. x3
You slice the Executioner!!
You kill the Executioner!
Beogh accepts your kill.
No target in view!
No target in view!
You feel yourself speed up.
A green death comes into view.
You can't go up here!
You see here a +0 sling.
You block the green death's attack.
There is a stone staircase leading up here.
You slice the green death!!
The green death is moderately wounded.
You slice the green death like a ripe choko!!!
The green death is almost dead.
The green death barely misses you.
You hit the green death.
The green death is almost dead.
You slash the green death!
You kill the green death!
Beogh accepts your kill.
There is a stone staircase leading up here.
You climb upwards.
There is a stone staircase leading down here.
HP restored.
You see here a +0 club.
Your extra speed is starting to run out.
You feel yourself slow down.
A Plog, a lich, a neqoxec and a ynoxinul come into view.
You open the door.
The neqoxec shouts!
The ynoxinul bellows!
There is an open door here.
There is a staircase leading out of the dungeon here.
You have escaped!

.####..#####.# #....#.#
####...# >......#####.#
#.#.##.# #.(.#
#####........# #......#
#...# ......########
###.#### #...# #######
#.#########.###
#########..............
#......##.....(....####
###3...#'###.######..#
#&.3...#@# #.# #..#
#.#....#'###.######..#
#.#..L.L.#.......[...#
#.#.####.##.########.#
#.#.####.......# #.#
#..............# #.##
####.###.......# #..#
#.# #.......# ##.# #.#
#.......# #.#


You could see a lich.

Vanquished Creatures
  A dread lich (Vaults:4)
  An ancient lich (Zot:5)
  6 orbs of fire (Zot:5)
  Mennas (Vaults:2)
  Sojobo (Crypt:3)
  4 Killer Klowns
  Margery (Vaults:2)
  2 curse toes (Zot:4)
  A caustic shrike (Depths:2)
  Geryon (Hell)
  9 golden dragons
  A profane servitor (Crypt:3)
  A bone dragon (Crypt:3)
  2 electric golems (Zot:5)
  17 tentacled monstrosities
  A walking crystal tome (Depths:3)
  An Ice Fiend (Depths:3)
  A lich (Vaults:5)
  5 quicksilver dragons
  A deep elf master archer (Elf:3)
  2 titans
  A searing wretch (Hell)
  23 Orb Guardians (Zot:5)
  7 acid blobs
  3 sphinxes
  An Executioner (D:2)
  8 death cobs
  9 ancient champions
  12 tengu reavers
  A nagaraja (Snake:4)
  7 draconian monks
  20 storm dragons
  5 draconian knights
  6 rockslimes
  11 shadow dragons
  4 azure jellies (Slime:5)
  2 revenants
  10 fire giants
  6 draconian scorchers
  14 vault wardens
  A curse skull (Crypt:1)
  5 deep elf sorcerers
  2 iron dragons (Depths:3)
  2 ghouls (Crypt:2)
  3 frost giants
  17 ironbound preservers
  A caustic shrike zombie (Hell)
  4 ghost moths
  3 draconian stormcallers (Zot:3)
  2 deep elf elementalists (Elf:3)
  A draconian shifter (Zot:4)
  A draconian annihilator (Zot:1)
  2 orc warlords
  A spriggan defender (Depths:3)
  7 quicksilver oozes
  A demonspawn corrupter (D:12)
  18 very ugly things
  3 cacodemons
  A caustic shrike skeleton (Depths:3)
  16 stone giants
  A quicksilver ooze (shapeshifter) (Vaults:5)
  3 reapers
  5 ironbound thunderhulks
  An eleionoma (Swamp:3)
  9 vampire knights
  4 deep elf demonologists
  9 green draconians
  9 deep elf annihilators
  7 black draconians
  3 spark wasps
  A wendigo (Hell)
  10 yellow draconians
  3 bunyips
  A minotaur (Gauntlet)
  6 white draconians
  12 red draconians
  The ghost of Sanktem7 the Severer, a journeyman MiFi of Okawaru (D:12)
  4 purple draconians
  10 dire elephants
  9 deep elf death magi
  2 green deaths
  5 eidola
  6 ettins
  A quicksilver dragon zombie (Depths:2)
  A crystal guardian (Vaults:2)
  10 jiangshi
  6 great orbs of eyes
  2 blizzard demons
  A spriggan zombie (Crypt:2)
  5 fire dragons
  8 deep elf high priests
  An entropy weaver (Vaults:2)
  16 yaktaur captains
  A shambling mangrove (Swamp:2)
  A caustic shrike simulacrum (Hell)
  2 salamander tyrants (Snake:4)
  A juggernaut simulacrum (Depths:2)
  22 vault guards
  A rakshasa (Depths:1)
  5 hydras
  8 ice dragons
  3 ogre magi
  2 peacekeepers
  3 spriggan air magi
  A death knight (Vaults:3)
  A spriggan skeleton (Crypt:3)
  9 centaur warriors
  7 ironbound frosthearts
  6 naga warriors
  4 anacondas
  An alligator (Swamp:3)
  17 two-headed ogres
  A death scarab (Gauntlet)
  5 boulder beetles
  16 dancing weapons
  A tengu warrior (Depths:1)
  3 deep troll shamans
  9 death yaks
  10 vampire magi
  4 hell hogs (D:7)
  9 deep troll earth magi
  7 naga sharpshooters
  Nergalle (Lair:1)
  7 spriggan berserkers
  A shock serpent (Snake:3)
  9 deep elf knights
  7 sun demons
  5 soul eaters
  A skyshark (shapeshifter) (Vaults:4)
  10 hell knights
  A fire crab (D:13)
  Amaemon (Lair:1)
  A storm dragon zombie (Crypt:2)
  36 deep trolls
  A salamander mystic (Snake:3)
  A fire crab (shapeshifter) (Vaults:5)
  4 skysharks
  26 skeletal warriors
  3 sixfirhies
  A spark wasp zombie (Depths:3)
  3 swamp dragons
  A shadow wraith (Crypt:3)
  A cherub (D:3)
  3 naga ritualists
  8 ironbound convokers
  A glowing orange brain (Slime:5)
  9 flayed ghosts
  A bog body (Swamp:2)
  3 goliath frogs
  6 wizards
  A bunyip skeleton (Crypt:3)
  5 deep elf archers
  An obsidian statue (Depths:2)
  An orc knight (Vaults:4)
  9 deep elf pyromancers
  6 harpies
  11 phantasmal warriors
  9 necromancers
  4 lindwurms (Vaults:2)
  14 deep elf zephyrmancers
  4 oklob plants
  An orc sorcerer (Elf:2)
  An iron dragon zombie (Depths:2)
  4 mana vipers
  36 ugly things
  A moth of wrath (shapeshifter) (D:14)
  5 salamanders
  4 manticores
  3 shining eyes
  2 will-o-the-wisps (Swamp:4)
  20 moths of wrath
  A stone giant skeleton (Crypt:3)
  6 elephants
  4 cyclopes
  17 black mambas
  A faun (shapeshifter) (Vaults:4)
  2 guardian serpents (shapeshifter)
  4 rust devils
  A fire giant skeleton (Depths:3)
  14 vault sentinels
  A water nymph (shapeshifter) (Depths:4)
  8 naga magi
  2 orange demons
  A guardian serpent (Snake:2)
  A torpor snail (Lair:1)
  2 smoke demons
  Joseph (D:8)
  An eye of devastation (Slime:4)
  An elephant slug zombie (Crypt:3)
  A gargoyle (D:14)
  4 unseen horrors (Depths:1)
  A yellow draconian zombie (Crypt:3)
  7 cane toads
  3 rime drakes
  A dire elephant skeleton (Crypt:3)
  A centaur skeleton (D:15)
  3 tengu conjurers (Depths:1)
  12 komodo dragons
  29 yaktaurs
  A spark wasp simulacrum (Depths:2)
  10 freezing wraiths
  6 kobold demonologists
  A red devil (Depths:2)
  2 bunyip simulacra (Hell)
  7 guardian mummies (Crypt:3)
  4 ice devils
  3 trolls
  2 polar bears (Lair:4)
  A polar bear (shapeshifter) (Depths:4)
  4 tyrant leeches
  A mana viper skeleton (Crypt:2)
  A meliai (shapeshifter) (Vaults:4)
  5 hornets
  19 blink frogs
  An ice dragon zombie (Hell)
  A slime creature (shapeshifter) (Vaults:4)
  56 slime creatures
  An ettin zombie (Crypt:2)
  A guardian serpent skeleton (Crypt:1)
  3 air elementals
  A fire dragon zombie (Crypt:1)
  6 spriggans
  An ettin skeleton (Crypt:2)
  4 water elementals
  A ynoxinul (Depths:2)
  4 wyverns
  27 yaks
  3 small abominations (Depths:1)
  A dire elephant simulacrum (Hell)
  4 basilisks
  5 large abominations
  4 wraiths
  A spectral komodo dragon (Gauntlet)
  An ushabti (Crypt:3)
  3 vampires
  A yak (shapeshifter) (D:13)
  4 chaos spawn (Depths:1)
  2 fire elementals
  A redback (Vaults:2)
  13 vampire mosquitoes
  3 swamp worm simulacra (Swamp:4)
  A steam dragon (Lair:5)
  Menkaure (Ossuary)
  24 nagas
  15 swamp worms
  A swamp worm (shapeshifter) (Vaults:2)
  4 hell hounds (Lair:5)
  4 acid dragons
  2 wargs
  7 water moccasins
  Duvessa (D:7)
  A cane toad zombie (Crypt:1)
  5 hydra simulacra (Swamp:4)
  4 floating eyes
  4 swamp drakes
  A sky beast (shapeshifter) (Vaults:5)
  3 ice beasts
  A swamp dragon zombie (Crypt:2)
  3 black bears
  10 ogres
  8 orc warriors
  21 wolves
  4 centaurs
  A snapping turtle skeleton (Crypt:2)
  A phantom (D:6)
  6 kobold brigands
  A salamander zombie (Crypt:1)
  4 necrophages
  13 bullfrogs
  A naga simulacrum (Hell)
  2 scorpions (D:5)
  16 wights
  A hornet simulacrum (D:15)
  Dowan (D:7)
  3 killer bees (D:7)
  5 howler monkeys
  An electric eel (D:13)
  3 lava snakes
  5 jellies
  A hound (D:4)
  3 orc priests
  A basilisk zombie (Crypt:1)
  6 iguanas
  An iron imp (Orc:1)
  A sleepcap (D:5)
  15 orc wizards
  A boggart skeleton (D:15)
  A hound zombie (Crypt:1)
  3 mummies (Ossuary)
  A howler monkey skeleton (Crypt:2)
  7 adders
  A shadow imp (D:7)
  3 white imps (Gauntlet)
  2 ufetubi
  4 swamp drake simulacra (Swamp:4)
  An iguana zombie (Crypt:3)
  An adder skeleton (Crypt:1)
  3 dart slugs
  32 orcs
  5 ball pythons
  22 endoplasms
  3 giant cockroaches
  7 gnoll zombies (Ossuary)
  6 goblins
  A hobgoblin (D:4)
  4 jackals (D:2)
  8 quokkas
  18 bats
  3 frilled lizards
  2 gnoll skeletons (Ossuary)
  5 goblin skeletons (Ossuary)
  2 goblin zombies (Ossuary)
  4 hobgoblin skeletons (Ossuary)
  2 hobgoblin zombies (Ossuary)
  19 kobolds
  9 kobold skeletons
  4 kobold zombies (Ossuary)
  3 orc skeletons (Ossuary)
  7 orc zombies (Ossuary)
  4 rats
  3 rat skeletons (Ossuary)
  3 rat zombies (Ossuary)
  A bush (Lair:1)
  2 fire vortices (Hell)
1701 creatures vanquished.

Vanquished Creatures (collateral kills)
  the Royal Jelly (Slime:5)
  Vashnia (Snake:3)
  Xtahua (Crypt:3)
  Saint Roka (Snake:3)
  Nikola (Swamp:2)
  5 golden dragons
  2 doom hounds (Hell)
  Rupert (Orc:2)
  Zenata (Vaults:1)
  A lich (Vaults:4)
  A searing wretch (Hell)
  3 Orb Guardians (Zot:5)
  3 tentacled monstrosities
  9 acid blobs
  A deep elf blademaster (Elf:3)
  A death cob (Zot:4)
  2 sphinxes
  A quicksilver dragon (Zot:2)
  Agnes (D:14)
  A tengu reaver (Vaults:5)
  2 storm dragons
  A shadow dragon (Vaults:4)
  Roxanne (Swamp:2)
  5 azure jellies
  Donald (Orc:2)
  2 nagarajas (Snake:4)
  3 rockslimes
  A revenant (Crypt:3)
  A fire giant (shapeshifter) (Vaults:4)
  2 fenstrider witches (Swamp:3)
  3 deep elf sorcerers (Elf:3)
  4 vault wardens
  A frost giant (Vaults:4)
  Louise (Swamp:1)
  2 ghouls (Swamp:2)
  Aizul (Elf:2)
  2 ironbound preservers
  7 very ugly things
  A stone giant (Vaults:4)
  6 ironbound thunderhulks
  A war gargoyle (Vaults:1)
  2 reapers
  A vampire knight (Crypt:2)
  5 quicksilver oozes
  An elemental wellspring (Hell)
  A green draconian (Zot:3)
  5 dire elephants
  A deep elf annihilator (Elf:3)
  A white draconian (Zot:3)
  An eleionoma (Swamp:4)
  4 bunyips
  An ettin (Depths:1)
  A blizzard demon (Hell)
  A deep elf death mage (Elf:3)
  A shambling mangrove (Swamp:2)
  2 great orbs of eyes
  A fire dragon (Lair:5)
  2 mummy priests (Crypt:3)
  5 yaktaur captains
  3 jiangshi
  5 deep elf high priests
  2 salamander tyrants (Snake:4)
  4 ogre magi
  5 ironbound frosthearts
  6 vault guards
  A caustic shrike simulacrum (Hell)
  A catoblepas (D:13)
  Erica (Orc:1)
  A spriggan skeleton (Crypt:3)
  4 anacondas
  A peacekeeper (Vaults:4)
  4 centaur warriors (D:13)
  2 ice dragons (Swamp:4)
  A stoker (Hell)
  5 hydras
  12 dancing weapons
  3 boulder beetles
  6 two-headed ogres
  3 alligators
  8 naga warriors
  A death knight (Vaults:3)
  6 naga sharpshooters
  5 death yaks
  A tengu warrior (D:13)
  A vampire mage (Crypt:2)
  4 shock serpents
  A hell knight (Vaults:2)
  11 deep elf knights
  3 salamander mystics (Snake:4)
  2 soul eaters
  2 shadow wraiths (Crypt:3)
  2 skeletal warriors
  A death drake (Swamp:3)
  A skyshark (Lair:5)
  13 deep trolls
  A goliath frog (Swamp:2)
  A storm dragon skeleton (Crypt:2)
  A flayed ghost (Crypt:2)
  4 wizards
  A spriggan druid (Swamp:2)
  5 naga ritualists
  A bog body (Swamp:3)
  2 glowing orange brains
  2 deep elf archers (Elf:1)
  A lindwurm (Lair:5)
  13 deep elf pyromancers
  11 ironbound convokers
  3 harpies (Vaults:1)
  An oklob plant (Lair:5)
  5 mana vipers
  A necromancer (Hell)
  3 manticores
  2 orc sorcerers
  14 deep elf zephyrmancers
  14 ugly things
  3 cyclopes (D:13)
  3 will-o-the-wisps
  A stone giant zombie (Crypt:3)
  A moth of wrath (Zot:3)
  6 salamanders
  2 shining eyes
  4 vault sentinels
  23 black mambas
  9 naga magi
  A centaur zombie (D:15)
  3 cane toads (Lair:5)
  2 molten gargoyles (Lair:5)
  5 guardian serpents
  A rust devil (Zot:5)
  A torpor snail (shapeshifter) (Vaults:4)
  A hellion (Hell)
  A rime drake (shapeshifter) (D:13)
  3 freezing wraiths
  A naga skeleton (Crypt:2)
  15 yaktaurs
  A kobold demonologist (D:12)
  A tengu conjurer (Depths:2)
  6 komodo dragons
  2 tormentors
  A harpy zombie (Crypt:3)
  A guardian mummy (Crypt:3)
  A harpy skeleton (D:15)
  3 trolls
  5 tyrant leeches
  9 hornets (Swamp:2)
  A polar bear (Lair:5)
  5 blink frogs
  A dream sheep (shapeshifter) (Vaults:4)
  An air elemental (Elf:1)
  33 slime creatures
  2 water elementals
  4 spriggans
  2 ushabtiu (Crypt:3)
  A centaur simulacrum (D:14)
  A dire elephant simulacrum (Hell)
  3 basilisks
  A culicivora (Vaults:2)
  2 redbacks
  8 vampire mosquitoes
  25 nagas
  10 swamp worms
  An acid dragon (D:12)
  A harpy simulacrum (Crypt:2)
  8 hydra simulacra (Swamp:4)
  2 water moccasins (Lair:5)
  A hell hound (Lair:5)
  6 orc warriors
  A meliai simulacrum (D:13)
  A swamp drake (Swamp:2)
  21 ogres
  A wolf (Lair:4)
  2 centaurs (D:13)
  A manticore skeleton (Crypt:3)
  2 kobold brigands (D:12)
  An earth elemental (Elf:1)
  2 lava snakes (Lair:5)
  A crimson imp (Orc:1)
  3 orc priests
  7 orc wizards
  A naga zombie (Crypt:3)
  A deep dwarf skeleton (Crypt:2)
  9 orcs
  A howler monkey skeleton (Crypt:3)
  A shadow imp (Orc:1)
  A white imp (Orc:1)
  A swamp drake simulacrum (Swamp:4)
  A goblin zombie (Crypt:2)
  2 kobolds (D:12)
  2 fire vortices (Hell)
638 creatures vanquished.

Vanquished Creatures (others)
  Asterion (Elf:2)
  8 orc warlords
  A fire giant (Depths:3)
  A green death (Zot:5)
  A hell beast (Depths:2)
  An ogre mage (Vaults:5)
  8 orc sorcerers
  17 orc knights
  A hell knight (Depths:1)
  A wizard (Vaults:3)
  A lindwurm (Vaults:2)
  A spriggan simulacrum (Hell)
  A deep elf zephyrmancer (Elf:1)
  A deep elf pyromancer (D:15)
  A storm dragon simulacrum (Hell)
  2 bloated husks
  A shadow (D:9)
  A vampire mosquito (Swamp:2)
  2 swamp worms (Swamp:4)
  A naga (Snake:4)
  13 orc warriors
  19 orc priests
  A swamp dragon simulacrum (Hell)
  9 orc wizards
  37 orcs
  20 foxfires
  30 fungi
  32 plants
213 creatures vanquished.

Grand Total: 2552 creatures vanquished

Notes
Turn   | Place    | Note
-------+----------+-------------------------------------------
     0 | D:1      | retardedninja the Hill Orc Fighter began the quest for the
                  | Orb.
     0 | D:1      | Reached XP level 1. HP: 19/19 MP: 1/1
   143 | D:1      | Reached XP level 2. HP: 27/27 MP: 2/2
   175 | D:1      | Found Netoilo's Vocational Training.
   362 | D:1      | Reached XP level 3. HP: 22/33 MP: 3/3
  1222 | D:2      | Reached XP level 4. HP: 38/40 MP: 4/4
  1791 | D:3      | Found a burning altar of Makhleb.
  2021 | D:3      | Reached XP level 5. HP: 39/47 MP: 5/5
  2065 | D:3      | Found a sparkling altar of Nemelex Xobeh.
  2155 | D:3      | Found a faded altar of an unknown god.
  2477 | D:4      | Found a sand-covered staircase.
  2483 | Ossuary  | Entered an ossuary
  2533 | Ossuary  | Reached skill level 5 in Axes
  2781 | Ossuary  | Noticed Menkaure
  2787 | Ossuary  | Killed Menkaure
  2788 | Ossuary  | Reached XP level 6. HP: 41/55 MP: 6/6
  2801 | Ossuary  | Reached skill level 5 in Fighting
  2995 | D:4      | Found a staircase to the Ecumenical Temple.
  3017 | Temple   | Entered the Ecumenical Temple
  3308 | D:4      | Found a hide-covered altar of Uskayaw.
  3446 | D:4      | Found a stormy altar of Qazlal.
  3447 | D:4      | Found a white marble altar of Elyvilon.
  3448 | D:4      | Found an ancient bone altar of Kikubaaqudgha.
  3449 | D:4      | Found a blossoming altar of Fedhas.
  3653 | D:5      | Entered Level 5 of the Dungeon
  3653 | D:5      | Noticed an ice beast
  3765 | D:5      | Noticed a black bear
  3783 | D:4      | Killed a black bear
  3784 | D:4      | Reached XP level 7. HP: 33/61 MP: 7/7
  3994 | D:4      | Reached skill level 5 in Shields
  4088 | D:5      | Reached skill level 5 in Armour
  4359 | D:5      | Reached XP level 8. HP: 70/70 MP: 8/8
  4508 | D:5      | Found Wyqetale's Weapon Shoppe.
  6040 | D:7      | Identified the amulet "Foni" {Reflect -Cast rF+ rC+ rCorr
                  | SH+5}
  6093 | D:7      | Became a worshipper of Beogh the Brigand
  6194 | D:7      | Reached XP level 9. HP: 75/78 MP: 9/9
  6326 | D:7      | Found a runed translucent door.
  6327 | D:7      | Noticed Crazy Yiuf
  6495 | D:7      | Found a hazy altar of Hepliaklqana.
  6532 | D:7      | Noticed Duvessa
  6532 | D:7      | Noticed Dowan
  6536 | D:7      | Killed Dowan
  6537 | D:7      | Reached skill level 10 in Axes
  6542 | D:7      | Killed Duvessa
  6759 | D:7      | Reached * piety under Beogh
  6976 | D:8      | Identified the +2 chain mail "Oxeituar" {rCorr Int-2 SInv}
  6996 | D:8      | Noticed Joseph
  7027 | D:8      | Killed Joseph
  7503 | D:8      | Reached XP level 10. HP: 47/88 MP: 10/10
  7942 | D:8      | Found a bloodstained altar of Trog.
  8428 | D:9      | Noticed a kobold demonologist
  8429 | D:9      | Found a staircase to the Lair.
  8429 | D:9      | Noticed an elephant
  8429 | D:9      | Noticed a kobold demonologist
  8429 | D:9      | Noticed a kobold demonologist
  8470 | D:8      | Killed a kobold demonologist
  8551 | D:9      | Noticed a kobold demonologist
  8559 | D:8      | Killed a kobold demonologist
  8559 | D:8      | Reached ** piety under Beogh
  8562 | D:8      | Killed a kobold demonologist
  8626 | D:8      | Killed a kobold demonologist
  8669 | D:9      | Killed an elephant
  8808 | D:9      | Found a staircase to the Orcish Mines.
  8862 | D:9      | Reached XP level 11. HP: 97/97 MP: 11/11
  9019 | D:9      | Noticed a skeletal warrior
  9161 | D:9      | Noticed a centaur warrior
  9161 | D:9      | Noticed a centaur warrior
  9161 | D:9      | Noticed a manticore
  9163 | D:9      | Noticed a cyclops
  9172 | D:9      | Killed a manticore
  9176 | D:9      | Killed a centaur warrior
  9187 | D:9      | Reached skill level 10 in Fighting
  9199 | D:9      | Killed a centaur warrior
  9201 | D:9      | Killed a cyclops
  9474 | D:9      | Got the Atlas of Glamour and Freezing
  9611 | D:9      | Killed a skeletal warrior
  9683 | D:9      | Found a glowing silver altar of Zin.
  9820 | D:9      | Reached skill level 15 in Axes
  9829 | D:10     | Entered Level 10 of the Dungeon
  9859 | D:10     | Found an opulent altar of Gozag.
  9878 | D:10     | Found an iron altar of Okawaru.
  9879 | D:10     | Found a shimmering altar of Xom.
  9952 | D:10     | Reached *** piety under Beogh
  9989 | D:10     | Noticed a cyclops
 10003 | D:10     | Killed a cyclops
 10367 | D:11     | Noticed a two-headed ogre
 10372 | D:11     | Killed a two-headed ogre
 10409 | D:11     | Noticed a cyclops
 10412 | D:11     | Killed a cyclops
 10413 | D:11     | Reached XP level 12. HP: 93/108 MP: 12/12
 10512 | D:11     | Noticed a two-headed ogre
 10519 | D:11     | Killed a two-headed ogre
 10520 | D:11     | Reached skill level 10 in Armour
 10520 | D:11     | Reached skill level 10 in Shields
 10585 | D:11     | Found Daga's Overcharged Wands.
 10613 | D:11     | Noticed a boulder beetle
 10652 | D:11     | Killed a boulder beetle
 10929 | D:11     | Noticed a boulder beetle
 10958 | D:11     | Killed a boulder beetle
 11318 | Lair:1   | Entered Level 1 of the Lair of Beasts
 11363 | Lair:1   | Noticed Nergalle
 11376 | Lair:1   | Killed Nergalle
 11566 | Lair:1   | Noticed Amaemon
 11591 | Lair:1   | Killed Amaemon
 11815 | Lair:1   | Reached **** piety under Beogh
 11876 | Lair:1   | Noticed a death yak
 11886 | Lair:1   | Killed a death yak
 12677 | Lair:2   | Noticed a skyshark
 12691 | Lair:2   | Killed a skyshark
 12860 | Lair:2   | Reached XP level 13. HP: 109/118 MP: 13/13
 13471 | Lair:2   | Found a staircase to the Snake Pit.
 13673 | Lair:2   | Found the +15 Maxwell's patent armour {-Cast -Tele rElec
                  | Will+ rCorr}
 14306 | Lair:3   | Found a gate leading to a gauntlet.
 14317 | Gauntlet | Entered a Gauntlet
 14317 | Gauntlet | Found a large runed translucent door.
 14317 | Gauntlet | Found a large runed translucent door.
 14317 | Gauntlet | Found a large runed translucent door.
 14317 | Gauntlet | Found a large runed translucent door.
 14317 | Gauntlet | Found a runed translucent door.
 14317 | Gauntlet | Found a large runed translucent door.
 14317 | Gauntlet | Found a large runed translucent door.
 14317 | Gauntlet | Found a transporter.
 14317 | Gauntlet | Found a transporter.
 14317 | Gauntlet | Found a large runed translucent door.
 14317 | Gauntlet | Found a large runed translucent door.
 14317 | Gauntlet | Found a runed translucent gate.
 14317 | Gauntlet | Found a runed translucent gate.
 14317 | Gauntlet | Found a transporter.
 14318 | Gauntlet | Found a transporter.
 14321 | Gauntlet | Found a transporter.
 14322 | Gauntlet | Found a runed translucent gate.
 14322 | Gauntlet | Found a runed translucent door.
 14326 | Gauntlet | Found a large runed translucent door.
 14326 | Gauntlet | Found a large runed translucent door.
 14337 | Gauntlet | Found a transporter.
 14338 | Gauntlet | Found a transporter.
 14344 | Gauntlet | Found a transporter.
 14352 | Gauntlet | Found a transporter.
 14369 | Gauntlet | Found a transporter.
 14377 | Gauntlet | Found a transporter.
 14394 | Gauntlet | Found a transporter.
 14418 | Gauntlet | Found a large runed translucent door.
 14418 | Gauntlet | Found a large runed translucent door.
 14419 | Gauntlet | Found a large runed translucent door.
 14419 | Gauntlet | Found a large runed translucent door.
 14420 | Gauntlet | Found a large runed translucent door.
 14420 | Gauntlet | Found a large runed translucent door.
 15046 | Gauntlet | Reached ***** piety under Beogh
 15102 | Gauntlet | Identified the amulet "Xutaalud" {Reflect Rampage rN+ SH+5}
 15150 | Gauntlet | Noticed a minotaur
 15163 | Gauntlet | Killed a minotaur
 17524 | Lair:3   | Found a staircase to the Swamp.
 18192 | Lair:4   | Reached XP level 14. HP: 44/129 MP: 14/14
 19957 | Lair:5   | Entered Level 5 of the Lair of Beasts
 20067 | Lair:5   | Gained Korbok as an ally
 20416 | Lair:5   | Found a viscous altar of Jiyva.
 20416 | Lair:5   | Found a staircase to the Slime Pits.
 20900 | Lair:5   | Found a large runed translucent door.
 20900 | Lair:5   | Found a large runed translucent door.
 21647 | Orc:1    | Entered Level 1 of the Orcish Mines
 21978 | Orc:1    | Noticed Erica
 21986 | Orc:1    | Killed Erica
 21993 | Orc:1    | Found Bayta's Assorted Antiques.
 21997 | Orc:1    | Bought a scroll of enchant weapon for 195 gold pieces
 22283 | Orc:2    | Entered Level 2 of the Orcish Mines
 22286 | Orc:2    | Noticed Donald
 22298 | Orc:2    | Killed Donald
 22475 | Orc:2    | Found Xusotebb's Antique Weapon Shoppe.
 22478 | Orc:2    | Reached XP level 15. HP: 139/139 MP: 15/15
 22612 | Orc:2    | Found Ofarchamn's Assorted Antiques.
 22648 | Orc:2    | Found a staircase to the Elven Halls.
 22684 | Orc:2    | Found Ifuty's Armour Emporium.
 22697 | Orc:2    | Found Ysaoskuc's Antique Armour Emporium.
 22744 | Orc:2    | Bought the +0 pair of boots of the Ant {rPois rF+} for 317
                  | gold pieces
 22785 | Orc:2    | Found Eqenen's Weapon Shoppe.
 22785 | Orc:2    | Found Vakhlus's Distillery.
 22791 | Orc:2    | Reached ****** piety under Beogh
 22792 | Orc:2    | Found Fesamp's Magic Scroll Shoppe.
 22792 | Orc:2    | Found Oreruext's Jewellery Shop.
 22795 | Orc:2    | Gained Borgk as an ally
 22817 | Orc:2    | Gained Bogwald as an ally
 22835 | Orc:2    | Bought a potion of might for 64 gold pieces
 22835 | Orc:2    | Bought a potion of might for 64 gold pieces
 22835 | Orc:2    | Bought a potion of mutation for 128 gold pieces
 22904 | Orc:2    | Your ally Bogwald died
 22981 | Orc:2    | Noticed Rupert
 22991 | Orc:2    | Killed Rupert
 23047 | Orc:2    | Found Targhe's Armour Shop.
 23682 | D:12     | Found a runed translucent door.
 23682 | D:12     | Found a shimmering altar of Xom.
 23682 | D:12     | Noticed Sanktem7's ghost (journeyman MiFi)
 23936 | D:12     | Reached skill level 15 in Fighting
 24002 | D:12     | Gained Gorbash as an ally
 24326 | D:12     | Killed Sanktem7's ghost
 24342 | D:13     | Found Tufuycua's Jewellery Emporium.
 24806 | D:13     | Your ally Gorbash died
 24850 | D:13     | Your ally Borgk died
 24855 | D:13     | Gained Jorge as an ally
 24939 | D:13     | Gained Boghold as an ally
 25507 | D:13     | Identified the +7 shortbow of Premature Burial {freeze,
                  | Will+ Str+4}
 25845 | D:13     | Found a gate to the Vaults.
 26331 | D:14     | Reached XP level 16. HP: 123/149 MP: 16/16
 26627 | D:14     | Noticed Agnes
 26632 | D:14     | Killed Agnes
 27511 | D:15     | Entered Level 15 of the Dungeon
 28012 | D:15     | Found a staircase to the Depths.
 28509 | Swamp:1  | Entered Level 1 of the Swamp
 28878 | Swamp:1  | Identified the +4 sling of Valiance {heavy, rC- MP+9 Dex+3}
 29146 | Swamp:1  | Noticed Louise
 29157 | Swamp:1  | Killed Louise
 30019 | Swamp:2  | Identified Roxanne's Catalogue of the Quake
 30019 | Swamp:2  | Noticed Roxanne
 30044 | Swamp:2  | Killed Roxanne
 30091 | Swamp:2  | Noticed Nikola
 30098 | Swamp:2  | Killed Nikola
 30986 | Swamp:3  | Reached skill level 15 in Shields
 31011 | Swamp:3  | Reached skill level 15 in Armour
 31138 | Swamp:3  | Noticed a fenstrider witch
 31144 | Swamp:3  | Paralysed by a fenstrider witch for 3 turns
 31145 | Swamp:3  | Killed a fenstrider witch
 31408 | Swamp:3  | Identified the ring of Yriuvohuo {rF+ Will- Int-2 Dex+8
                  | Stlth+}
 31594 | Swamp:3  | Noticed a fenstrider witch
 31601 | Swamp:3  | Killed a fenstrider witch
 31668 | Swamp:3  | Found the +13 scythe of Curses {drain, curses, Drain}
 31734 | Swamp:3  | Noticed a tentacled monstrosity
 31744 | Swamp:3  | Killed a tentacled monstrosity
 32484 | Swamp:4  | Entered Level 4 of the Swamp
 32734 | Swamp:4  | Reached XP level 17. HP: 131/159 MP: 17/17
 33452 | Swamp:4  | Got a decaying rune of Zot
 34398 | Snake:1  | Entered Level 1 of the Snake Pit
 36226 | Snake:3  | Noticed Saint Roka
 36238 | Snake:3  | Killed Saint Roka
 37635 | Snake:3  | Noticed Vashnia
 37650 | Snake:3  | Killed Vashnia
 38473 | Snake:4  | Entered Level 4 of the Snake Pit
 38597 | Snake:4  | Reached XP level 18. HP: 78/170 MP: 18/18
 39213 | Snake:4  | Got a serpentine rune of Zot
 40067 | Orc:2    | Bought a scroll of teleportation for 81 gold pieces
 40067 | Orc:2    | Bought a scroll of teleportation for 81 gold pieces
 40384 | Orc:2    | Bought a scroll of teleportation for 54 gold pieces
 40384 | Orc:2    | Bought 3 scrolls of summoning for 513 gold pieces
 40387 | Orc:2    | Bought a +4 ring of protection for 468 gold pieces
 40578 | Vaults:1 | Entered Level 1 of the Vaults
 40646 | Vaults:1 | Found a portal to a secret trove of treasure.
 41355 | Vaults:1 | Noticed Zenata
 41358 | Vaults:1 | Your ally Boghold died
 41359 | Vaults:1 | Killed Zenata
 42752 | Vaults:2 | Gained Bogfrid as an ally
 42838 | Vaults:2 | Paralysed by a great orb of eyes for 5 turns
 42849 | Vaults:2 | Reached XP level 19. HP: 143/180 MP: 19/19
 42874 | Vaults:2 | Noticed Margery
 42895 | Vaults:2 | Killed Margery
 43834 | Vaults:2 | Found a transporter.
 43838 | Vaults:2 | Found a shimmering blue altar of Sif Muna.
 44140 | Vaults:2 | Noticed Mennas
 44162 | Vaults:2 | Killed Mennas
 44163 | Vaults:2 | Reached skill level 27 in Axes
 45300 | Vaults:3 | Found a staircase to the Crypt.
 46235 | Vaults:3 | Reached skill level 1 in Evocations
 46237 | Vaults:3 | Reached skill level 1 in Throwing
 46920 | Vaults:4 | Found Jiseaf's Assorted Antiques.
 46942 | Vaults:4 | Bought a scroll of teleportation for 102 gold pieces
 46942 | Vaults:4 | Bought a scroll of summoning for 323 gold pieces
 47182 | Vaults:4 | Reached XP level 20. HP: 193/193 MP: 20/20
 47882 | Vaults:4 | Found Caggur's Weapon Emporium.
 48415 | Elf:1    | Entered Level 1 of the Elven Halls
 48477 | Elf:1    | Paralysed by an air elemental for 1 turns
 48801 | Elf:1    | Found Odeogaf's Antique Weapon Boutique.
 48803 | Elf:1    | Found Jumoxai's Antique Weapon Shop.
 48805 | Elf:1    | Found Osisk's Magic Scroll Boutique.
 48813 | Elf:1    | Bought a scroll of fear for 56 gold pieces
 49008 | Elf:1    | Paralysed by an air elemental for 1 turns
 49646 | Elf:1    | Found a runed translucent gate.
 49646 | Elf:1    | Found a runed translucent gate.
 49646 | Elf:1    | Found a runed translucent gate.
 49646 | Elf:1    | Found a runed translucent gate.
 49646 | Elf:1    | Found a runed translucent gate.
 49648 | Elf:1    | Found a runed translucent gate.
 49721 | Elf:2    | Noticed Asterion
 49721 | Elf:2    | Noticed Aizul
 49728 | Elf:2    | Killed Asterion
 49732 | Elf:2    | Killed Aizul
 50359 | Elf:2    | Identified a scroll of acquirement
 50506 | Elf:2    | Found a runed translucent gate.
 50507 | Elf:2    | Found a runed translucent gate.
 50507 | Elf:2    | Found a runed translucent gate.
 50578 | Elf:2    | Paralysed by an air elemental for 1 turns
 50704 | Elf:2    | Gained Margrim as an ally
 51225 | Elf:2    | Reached skill level 5 in Evocations
 51240 | Elf:2    | Your ally Margrim died
 51247 | Elf:2    | Gained Dorog as an ally
 51645 | Elf:2    | Acquired 670 gold pieces
 53163 | Elf:3    | Entered Level 3 of the Elven Halls
 53285 | Elf:3    | Paralysed by an air elemental for 1 turns
 53505 | Elf:3    | Reached XP level 21. HP: 204/204 MP: 21/21
 53514 | Elf:3    | Reached skill level 5 in Throwing
 53524 | Elf:3    | Your ally Jorge died
 53524 | Elf:3    | Your ally Bogfrid died
 54080 | Elf:3    | Acquired 856 gold pieces
 54146 | Elf:3    | Your ally Korbok died
 54176 | Elf:3    | Your ally Dorog died
 54181 | Elf:3    | Your ally Bogfrid died
 54786 | Elf:3    | Identified the +8 spear "Vatty" {flame, rF+ rN+ Int-3
                  | Dex+2}
 55507 | Elf:3    | Identified the +3 hand axe of Dojy {freeze, Int+3}
 55508 | Elf:3    | Identified the +1 chain mail "Woguhul" {rElec rC++ Int-5
                  | Stlth+}
 56066 | Elf:3    | Got Quoteh's Writings on Heavy Electricity
 56174 | Elf:3    | Got the Encyclopedia of Transposed Ectoplasm
 56756 | Depths:1 | Entered Level 1 of the Depths
 56785 | Depths:1 | Found Cyjome's Weapon Boutique.
 56879 | Depths:1 | Found a one-way gateway to a ziggurat.
 57003 | Depths:1 | Found Vazutaub's Assorted Antiques.
 57099 | Depths:1 | Gained Wargath as an ally
 57103 | Depths:1 | Your ally Wargath died
 57213 | Depths:1 | Found Inaefrog's Magic Scroll Shop.
 57366 | Depths:1 | Found Mamoef's Antique Armour Shop.
 57375 | Depths:1 | Bought a pair of runed gloves for 270 gold pieces
 57481 | Depths:1 | Found a gateway to Hell.
 57515 | Depths:1 | Found Zainud's Blood Bar.
 57594 | Depths:1 | Found a one-way gate to the infinite horrors of the Abyss.
 57732 | Depths:1 | Found a one-way gate leading to the halls of Pandemonium.
 58564 | Depths:2 | Gained mutation: Potions are less effective at restoring
                  | your health. [a cacodemon]
 59006 | Depths:2 | Noticed a caustic shrike
 59022 | Depths:2 | Killed a caustic shrike
 59180 | Depths:2 | Reached XP level 22. HP: 217/217 MP: 22/22
 59202 | Depths:2 | Acquired the +8 tower shield of Honour {Str+4 Dex+4}
 59232 | Depths:2 | Noticed a golden dragon
 59249 | Depths:2 | Killed a golden dragon
 59252 | Depths:2 | Gained Boruk as an ally
 59658 | Depths:2 | Found the +3 pair of mountain boots {steadfast, rC+}
 59659 | Depths:2 | Identified the +7 war axe of Contradiction {freeze, Str+3
                  | Dex+3}
 59920 | Depths:2 | Your ally Boruk died
 60211 | Depths:3 | Reached skill level 1 in Dodging
 60216 | Depths:3 | Paralysed by a floating eye for 3 turns
 60227 | Depths:3 | Paralysed by a floating eye for 4 turns
 60596 | Depths:3 | Gained Bogward as an ally
 60606 | Depths:3 | Your ally Bogward died
 60632 | Depths:3 | Found a flickering gateway to a bazaar.
 60641 | Bazaar   | Entered a bazaar
 60695 | Bazaar   | Found Zolabi Ocag's Distillery.
 60701 | Bazaar   | Bought a potion of curing for 33 gold pieces
 60701 | Bazaar   | Bought a potion of curing for 33 gold pieces
 60701 | Bazaar   | Bought a potion of mutation for 88 gold pieces
 60701 | Bazaar   | Bought a potion of berserk rage for 55 gold pieces
 60701 | Bazaar   | Bought a potion of heal wounds for 55 gold pieces
 60701 | Bazaar   | Bought a potion of resistance for 110 gold pieces
 60701 | Bazaar   | Bought 2 potions of might for 88 gold pieces
 60717 | Bazaar   | Found Ugauliew's Magic Scroll Shop.
 60722 | Bazaar   | Bought a scroll of summoning for 104 gold pieces
 60748 | Bazaar   | Found Haoneeb's Book Boutique.
 60748 | Bazaar   | Found Buseri's Assorted Antiques.
 60768 | Bazaar   | Bought a potion of attraction for 75 gold pieces
 60768 | Bazaar   | Bought a potion of attraction for 75 gold pieces
 61197 | Depths:3 | Noticed a golden dragon
 61206 | Depths:3 | Killed a golden dragon
 61528 | Depths:3 | Noticed a golden dragon
 61543 | Depths:3 | Killed a golden dragon
 62174 | Depths:4 | Entered Level 4 of the Depths
 62402 | Depths:4 | Found a gate to the Realm of Zot.
 62402 | Depths:4 | Noticed a golden dragon
 62417 | Depths:4 | Killed a golden dragon
 62927 | Depths:4 | Found Xiuggif's Book Shop.
 63232 | Depths:4 | Acquired the +0 pair of gloves "Hero's Friend" {rElec
                  | rPois}
 64071 | Crypt:1  | Entered Level 1 of the Crypt
 64161 | Crypt:1  | Identified the +1 leather armour of Words of Power {rC+
                  | Will+ Int+5}
 64239 | Crypt:1  | Reached XP level 23. HP: 228/228 MP: 23/23
 65198 | Crypt:2  | Gained Syrus as an ally
 65430 | Crypt:2  | Reached skill level 1 in Invocations
 66384 | Crypt:3  | Entered Level 3 of the Crypt
 67481 | Crypt:3  | Found a staircase to the Tomb.
 67497 | Crypt:3  | Noticed Sojobo
 67508 | Crypt:3  | Killed Sojobo
 67626 | Crypt:3  | Found an ancient bone altar of Kikubaaqudgha.
 67695 | Crypt:3  | Reached skill level 5 in Dodging
 67722 | Crypt:3  | Reached skill level 10 in Evocations
 67904 | Crypt:3  | Found a basalt altar of Yredelemnul.
 67908 | Crypt:3  | Found an ancient bone altar of Kikubaaqudgha.
 67944 | Crypt:3  | Identified the +6 hand axe "Jogg" {heavy, Dex+5}
 68106 | Crypt:3  | Noticed Xtahua
 68107 | Crypt:3  | Paralysed by Xtahua for 4 turns
 68114 | Crypt:3  | Killed Xtahua
 68332 | Vaults:5 | Entered Level 5 of the Vaults
 68664 | Vaults:5 | Noticed a dread lich
 68803 | Vaults:5 | Noticed a golden dragon
 68804 | Vaults:5 | Noticed a golden dragon
 68812 | Vaults:4 | Killed a dread lich
 68813 | Vaults:4 | Reached skill level 5 in Invocations
 68813 | Vaults:4 | Reached XP level 24. HP: 232/240 MP: 26/26
 70679 | Vaults:5 | Your ally Syrus died
 72290 | Vaults:5 | Your ally Syrus died
 72521 | Vaults:5 | Identified the ring "Hokizu" {Ice Str+3 Slay-3}
 72541 | Vaults:5 | Gained Arbolt as an ally
 72543 | Vaults:5 | Your ally Arbolt died
 72866 | Vaults:5 | Identified the ring of the Scarab {rElec MP+9 Str-5 Int+5
                  | Dex+2}
 72885 | Vaults:5 | Reached skill level 10 in Throwing
 72973 | Vaults:5 | Identified the +1 ring mail of Lajison {rElec}
 72981 | Vaults:5 | Got a silver rune of Zot
 73148 | Vaults:5 | Got the Compilation of the Fjord and Invitation
 73204 | Vaults:5 | Gained Grimold as an ally
 73206 | Vaults:5 | Gained Wargath as an ally
 73346 | Vaults:5 | Identified the amulet of Wishful Thinking {Faith Fly Str+4
                  | SInv}
 73660 | Hell     | Entered the Vestibule of Hell
 73660 | Hell     | Noticed Geryon
 73894 | Hell     | Your ally Wargath died
 73922 | Hell     | Killed Geryon
 74291 | Vaults:1 | You paid a toll of 6 scrolls of fear to enter a treasure
                  | trove
 74292 | Trove    | Entered a treasure trove
 74308 | Trove    | Identified the ring of the Sun {rF+ Will+ Str-2 Dex+6}
 74310 | Trove    | Identified the ring "Damnable Contraption" {*Corrode rN++
                  | Str+7 Slay+4}
 74312 | Trove    | Identified the ring "Nifowa" {rPois rF++ rC+ Int-5}
 74320 | Trove    | Identified the ring "Pizomo" {rF+ rN+ Str+3 Stlth+}
 74326 | Trove    | Identified the amulet "Yhae" {Acrobat Int+6}
 74328 | Trove    | Identified the ring "Pegec" {rCorr Str+2 Int+8 Dex-4 SInv}
 75696 | Hell     | Found a gateway to the ashen valley of Gehenna.
 75742 | Hell     | Found a gateway to the Iron City of Dis.
 75801 | Hell     | Found a gateway to the freezing wastes of Cocytus.
 75814 | Hell     | Paralysed by a wendigo for 1 turns
 76021 | Hell     | Found a gateway to the decaying netherworld of Tartarus.
 76396 | Depths:3 | Voluntarily entered the Abyss.
 76412 | Depths:3 | Escaped the Abyss
 76869 | Slime:1  | Entered Level 1 of the Pits of Slime
 76968 | Slime:2  | Paralysed by a floating eye for 4 turns
 77415 | Slime:3  | Reached XP level 25. HP: 251/251 MP: 29/29
 77820 | Slime:5  | Entered Level 5 of the Pits of Slime
 77887 | Slime:5  | Gained mutation: You sometimes lose your temper in combat.
                  | [a shining eye]
 77889 | Slime:5  | Lost mutation: You sometimes lose your temper in combat.
                  | [potion of mutation]
 77889 | Slime:5  | Lost mutation: Potions are less effective at restoring your
                  | health. [potion of mutation]
 77889 | Slime:5  | Gained mutation: Potions are less effective at restoring
                  | your health. [potion of mutation]
 77889 | Slime:5  | Gained mutation: Your muscles are strong. (Str +4, Int/Dex
                  | -1) [potion of mutation]
 77889 | Slime:5  | Gained mutation: You are robust. (+10% HP) [potion of
                  | mutation]
 77944 | Slime:5  | Noticed the Royal Jelly
 77964 | Slime:5  | Killed the Royal Jelly
 77970 | Slime:5  | Your ally Grimold died
 78445 | Slime:5  | Found the amulet of the Air {Inacc Air Fly rElec RMsl}
 78447 | Slime:5  | Identified the +1 dagger "Xifaoher" {heavy, rC+ Will+
                  | Int+2}
 78511 | Slime:5  | Identified the +0 helmet of Hugarueb {rPois rCorr SInv
                  | Stlth+}
 78517 | Slime:5  | Got a slimy rune of Zot
 78550 | Slime:5  | Identified the ring "Iqaew" {Fire rElec rCorr Int-4}
 79026 | Zot:1    | Entered Level 1 of the Realm of Zot
 79034 | Zot:1    | Acquired 1125 gold pieces
 79499 | Zot:1    | Your ally Korbok died
 81098 | Zot:2    | Reached skill level 10 in Invocations
 81624 | Zot:3    | Noticed a Killer Klown
 81639 | Zot:3    | Killed a Killer Klown
 81655 | Zot:3    | Gained Dorog as an ally
 83151 | Zot:3    | Reached XP level 26. HP: 264/290 MP: 31/31
 83319 | Zot:3    | Your ally Dorog died
 83341 | Zot:3    | Noticed a Killer Klown
 83367 | Zot:3    | Killed a Killer Klown
 83615 | Zot:3    | Acquired the ring of the Komodo Dragon {AC+4 Str+3}
 83623 | Zot:3    | Acquired a manual of Dodging
 83627 | Zot:3    | Acquired 376 gold pieces
 84807 | Zot:4    | Reached skill level 10 in Dodging
 84829 | Zot:4    | Identified the ring "Guecef" {*Slow rF++ rCorr MP+9 Stlth+}
 87278 | Zot:5    | Entered Level 5 of the Realm of Zot
 88181 | Zot:5    | Noticed a Killer Klown
 88197 | Zot:5    | Killed a Killer Klown
 88198 | Zot:5    | Noticed an orb of fire
 88202 | Zot:5    | Noticed an orb of fire
 88202 | Zot:5    | Gained mutation: You occasionally lose the ability to read
                  | scrolls when taking damage. [an orb of fire]
 88203 | Zot:5    | Gained mutation: Your magical capacity is low. (-10% MP)
                  | [an orb of fire]
 88205 | Zot:5    | Gained mutation: Your magical capacity is very low. (-20%
                  | MP) [an orb of fire]
 88208 | Zot:5    | Noticed an orb of fire
 88210 | Zot:5    | Killed an orb of fire
 88214 | Zot:5    | Gained mutation: You sometimes lose your temper in combat.
                  | [an orb of fire]
 88217 | Zot:5    | Killed an orb of fire
 88218 | Zot:5    | Reached skill level 27 in Fighting
 88223 | Zot:5    | Killed an orb of fire
 88720 | Zot:5    | Gained Judas as an ally
 88757 | Zot:5    | Reached skill level 15 in Invocations
 88769 | Zot:5    | Noticed a Killer Klown
 88788 | Zot:5    | Noticed an orb of fire
 88791 | Zot:5    | Your ally Judas died
 88792 | Zot:5    | Killed a Killer Klown
 88793 | Zot:5    | Noticed an orb of fire
 88800 | Zot:5    | Gained mutation: You occasionally shout uncontrollably at
                  | your foes. [an orb of fire]
 88801 | Zot:5    | Noticed an orb of fire
 88802 | Zot:5    | Killed an orb of fire
 88807 | Zot:5    | Gained mutation: You have hidden genetic defects. [an orb
                  | of fire]
 88811 | Zot:5    | Killed an orb of fire
 88812 | Zot:5    | Reached XP level 27. HP: 211/300 MP: 27/27
 88825 | Zot:5    | Killed an orb of fire
 89293 | Zot:4    | Lost mutation: Potions are less effective at restoring your
                  | health. [potion of mutation]
 89293 | Zot:4    | Lost mutation: You sometimes lose your temper in combat.
                  | [potion of mutation]
 89293 | Zot:4    | Lost mutation: You occasionally lose the ability to read
                  | scrolls when taking damage. [potion of mutation]
 89293 | Zot:4    | Gained mutation: You are covered in fur. (AC +1) [potion of
                  | mutation]
 89293 | Zot:4    | Lost mutation: You are covered in fur. (AC +1) [potion of
                  | mutation]
 89294 | Zot:4    | Lost mutation: You have hidden genetic defects. [potion of
                  | mutation]
 89294 | Zot:4    | Lost mutation: You are robust. (+10% HP) [potion of
                  | mutation]
 89294 | Zot:4    | Gained mutation: You are partially covered in iridescent
                  | scales. (AC +2) [potion of mutation]
 89294 | Zot:4    | Gained mutation: You have large cloven feet. [potion of
                  | mutation]
 89294 | Zot:4    | Gained mutation: You have hoof-like feet. [potion of
                  | mutation]
 89433 | Zot:5    | Gained Bogfrid as an ally
 89441 | Zot:5    | Noticed an ancient lich
 89450 | Zot:5    | Killed an ancient lich
 89578 | Zot:5    | Got the Orb of Zot
 90000 | D:12     | Gained mutation: Armour fits poorly on your strangely
                  | shaped body. [a cacodemon]
 90356 | D:1      | Noticed Plog the pandemonium lord
 90360 | D:$      | Escaped with the Orb!

Illustrated notes

Levels and vault maps discovered:
D:1:      dpeg_arrival_tiny_c, layout_loops_cross, dreamdust_mushroom_princess,
          nicolae_shop_vocational
D:2:      layout_loops_ring, serial_forest, infiniplex_forest_corner_2,
          infiniplex_forest_straight_3, infiniplex_forest_3_way,
          infiniplex_forest_clump_medium, infiniplex_forest_clump_tiny,
          infiniplex_forest_straight_2, infiniplex_forest_end_2,
          mrwooster_statue_mirror
D:3:      layout_rooms, nemelex_altar_shiori, amcnicky_altar_gilded,
          ebering_ecumenical_altar_ruins
D:4:      layout_basic, nicolae_uskayaw_suspiria, mainiacjoe_overflow_alcove_3,
          minmay_temple_entry_mist, nicolae_ossuary_entry_plus
D:5:      layout_cave_pools, serial_shops, nicolae_shop_advertising_works
          [nicolae_subvault_shop_adworks]
D:6:      layout_basic
D:7:      layout_loops_ring, mainiacjoe_overflow_six_doors_small,
          roderic_batcave, chequers_decorated_corner, skrybe_limestone_x,
          uniq_duvessa, uniq_crazy_yiuf_cottage
D:8:      layout_basic, trog_butcher_becter, chequers_serial_rivers_small_a,
          uniq_joseph
D:9:      minmay_the_grid_octo_triangle [minmay_the_grid_octo_checkerflower,
          minmay_the_grid_octo_prize_square_snowflake,
          minmay_the_grid_octo_toaster], layout_rooms,
          mainiacjoe_overflow_paths, david_lair_generic, orc_0_dummy
D:10:     layout_basic, mainiacjoe_overflow_brackets, nicolae_overflow_squiral
D:11:     layout_irregular_city, kennysheep_donut,
          nicolae_shop_overcharged_wands
D:12:     layout_roguey, ebering_ghost_xom, minivault_1
D:13:     hangedman_cross_cluster, layout_basic, david_vaults_2, serial_shops,
          shop
D:14:     layout_layer_cave, minmay_fountain_box, uniq_agnes
D:15:     grunt_enter_depths_magical_seal, layout_basic, st_stairs_14
Temple:   kb_temple_of_zot
Lair:1:   lemuel_slime, layout_gridlike, minmay_lair_oklob_bushes,
          patterned_corridor, uniq_amaemon, uniq_nergalle
Lair:2:   hellmonk_destroyed_diamonds, layout_regular_city,
          minmay_snake_entry_guardpost_large, minmay_lair_oklob_items,
          infiniplex_staircase_pool
Lair:3:   layout_layer_cave, palyth_hydra_swamp_entry, gauntlet_entry_generic
Lair:4:   layout_cave_pods, chequers_serial_rivers_room_a, beast_lair_carwin_1
Lair:5:   cheibrodos_lair_end_hotspot, layout_regular_city,
          dpeg_slime_entry_corner
Swamp:1:  layout_basic_swamp, nicolae_swamp_dense_foliage, swamp_pool1,
          hangedman_swamp_wriggling, uniq_louise
Swamp:2:  layout_falls_marsh, evilmike_swamp_ruin_house_5, swamp_pool3,
          infiniplex_staircase_pool_2, uniq_roxanne, uniq_nikola
Swamp:3:  layout_basic_swamp, hangedman_swamp_ruin_wall, swamp_pool1,
          nicolae_swamp_soggy_hallways
Swamp:4:  swamp_icy, layout_basic_swamp, swamp_pool5
Snake:1:  layout_rooms
Snake:2:  layout_misc_corridors
Snake:3:  layout_onion_interference, serial_bayou_shore_b, lemuel_fruit_tree,
          uniq_saint_roka, uniq_vashnia
Snake:4:  johnstein_snake_rune_scales, layout_cave_shapes
Slime:1:  layout_caves
Slime:2:  layout_caves
Slime:3:  layout_caves
Slime:4:  layout_caves, basic_altar, nicolae_slime_barrier
Slime:5
Orc:1:    layout_diamond_mine, serial_shops, shop, hangedman_minor_magic,
          uniq_erica
Orc:2:    st_orc_ogre_mass, layout_diamond_mine, serial_shops,
          nicolae_shop_overgrown_old_shop, nicolae_shop_crystal,
          nicolae_shop_temple_entry_statues_fountains, nicolae_shop_stone, shop,
          uniq_donald, uniq_rupert
Elf:1:    nicolae_elf_arrival_fired_up, layout_gridlike, orc_legates,
          minmay_shop_star
Elf:2:    nicolae_elf_blades_crystal_corner, layout_onion_city, uniq_asterion,
          uniq_aizul
Elf:3:    minmay_elf_hall_x, layout_gridlike
Vaults:1: nicolae_vaults_network_square, v_pattern_3, v_misc_25, v_misc_11,
          grunt_vaults_twisty, hangedman_vaults_snaps, ontoclasm_vaults_hangar,
          v_misc_8, nicolae_vaults_little_ls, hangedman_vaults_stagger,
          nicolae_vaults_little_squares_3, ontoclasm_vaults_twist,
          grunt_vaults_hallway_short, layout_vaults_ring,
          nicolae_trove_entry_isolated, uniq_zenata
Vaults:2: gammafunk_sealed_library, nicolae_vaults_little_squares_5,
          hangedman_vaults_impose, grunt_vaults_trifunnel,
          vaults_room_stairs_pillars, vaults_room_fancy_cross, v_misc_5,
          v_misc_12, grunt_vaults_hallway_short, vaults_mumra_hexcomb,
          ontoclasm_vaults_decontamination, grunt_vaults_diagonal,
          dpeg_vaults_monster_row, nicolae_vaults_little_squares_6,
          layout_vaults_omnibox, uniq_margery, uniq_mennas
Vaults:3: mu_enter_wizlab_5, blue_anna_dwarven_crypt,
          nicolae_vaults_little_squares_2, nicolae_vaults_rhombus_7, v_misc_1,
          hangedman_vaults_capsules, layout_vaults_chaotic_city
Vaults:4: v_rooms_6, nicolae_vaults_mini_display_case, v_rooms_5,
          vaults_room_pools, grunt_vaults_funnel, vaults_room_hallway,
          v_misc_16, ontoclasm_vaults_idyll, ontoclasm_vaults_chip, v_misc_32,
          vaults_room_mumra_shop_pool, nicolae_vaults_little_squares_1,
          nicolae_vaults_fighting_squares, v_misc_13, layout_vaults_maze_bifur,
          serial_shops, shop
Vaults:5
Crypt:1:  layout_chaotic_city, grunt_megastairs_1, grunt_crypt_arrival_webbed
Crypt:2:  layout_gridlike, st_vampire_maze
Crypt:3:  lightli_unholy_cathedral, layout_chaotic_city,
          tomb_entry_simple_bobbens, basic_altar, uniq_sojobo, uniq_xtahua
Depths:1: layout_gridlike, enter_ziggurat_f, grunt_hell_entry_dis_grunt,
          minmay_room_of_horrors, grunt_pan_entry_zigzag, serial_shops, shop,
          nicolae_shop_behind_doors, nicolae_shop_trees, shop,
          guppyfry_shop_blood
Depths:2: kennysheep_large_spiral, layout_twisted_cross,
          grunt_hell_entry_demonic_statue, chequers_serial_rivers_micro_e,
          rand_demon_pan_entry_7, minmay_staircase_bubble
Depths:3: minmay_quarter_circles, layout_cave_pools, nrook_uturn,
          abyss_entry_small_statue_room, serial_shops, freezing_bzr,
          pf_hell_entry_tar_spiral
Depths:4: grunt_x_marks_the_spot, layout_cave_shapes, nrook_pool_corridor,
          serial_shops, nicolae_shop_window_shopping, hell_entry
Hell
Zot:1:    layout_onion_interference, grunt_megastairs_2
Zot:2:    layout_misc_corridors
Zot:3:    layout_basic
Zot:4:    layout_concentric_octagons
Zot:5:    layout_misc_corridors, grunt_ministairs_14

Skill      XL: |  1  2  3  4  5  6  7  8  9 10 11 12 13 14 15 16 17 18 19 20 21 22 23 24 25 26 27 |
---------------+----------------------------------------------------------------------------------+-----
Axes           | 3 4 5 6 7 9 11 13 15 17 19 20 22 24 25 26 27 | 27.0
Fighting       | 4 5 6 8 9 10 12 13 14 15 16 17 18 19 21 22 23 24 25 26 27 | 27.0
Armour         | 4 5 6 7 8 9 11 12 13 14 15 16 17 18 19 20 21 22 | 22.6
Shields        | 4 5 6 7 8 9 11 12 13 14 15 16 17 18 19 20 21 22 | 22.7
Evocations     | 2 5 7 9 10 11 | 11.9
Throwing       | 2 4 6 8 9 10 | 10.8
Dodging        | 3 5 7 9 11 12 | 12.4
Invocations    | 5 8 11 15 16 | 16.5

Action                     |  1- 3 |  4- 6 |  7- 9 | 10-12 | 13-15 | 16-18 | 19-21 | 22-24 | 25-27 || total
---------------------------+-------+-------+-------+-------+-------+-------+-------+-------+-------++-------
  Melee: War axe           |    98 |   234 |   257 |   529 |   230 |       |       |       |       ||  1348
         Broad axe         |       |       |       |       |   690 |   979 |  1198 |  1423 |  1022 ||  5312
  Throw: Javelin           |       |       |     3 |       |    17 |     2 |       |     6 |       ||    28
 Invoke: Convert to Beogh  |       |       |     1 |       |       |       |       |       |       ||     1
         Smiting           |       |       |       |     1 |     4 |       |       |       |     2 ||     7
         Recall Orcish Fol |       |       |       |       |     9 |    11 |    27 |     8 |     4 ||    59
         Give Item to Name |       |       |       |       |     4 |       |     2 |     4 |     1 ||    11
         Resurrection      |       |       |       |       |       |       |     1 |     1 |       ||     2
  Evoke: Wand              |       |       |       |     4 |     5 |       |       |     4 |     4 ||    17
         Tin of tremorston |       |       |       |     2 |     1 |       |       |       |       ||     3
         Phantom mirror    |       |       |       |     1 |     3 |     3 |     3 |     1 |     2 ||    13
         Condenser vane    |       |       |       |       |     1 |     2 |     2 |     3 |     1 ||     9
    Use: Scroll            |       |     7 |    11 |     9 |     8 |     5 |    19 |     6 |    10 ||    75
         Potion            |       |     1 |     6 |     6 |    12 |     8 |     5 |     3 |    10 ||    51
   Stab: Invisible         |       |       |       |       |     4 |       |       |       |       ||     4
         Distracted        |       |       |       |       |     7 |    13 |     6 |    13 |     4 ||    43
 Armour: Scale mail        |    21 |       |       |       |       |       |       |       |       ||    21
         Chain mail        |    19 |    20 |       |       |       |       |       |       |       ||    39
         Plate armour      |       |   142 |   214 |    92 |       |       |       |       |       ||   448
         Crystal plate arm |       |       |       |   127 |   511 |   586 |   368 |   534 |   286 ||  2412
  Dodge: Dodged            |    43 |    69 |   113 |    63 |   128 |   150 |   105 |   155 |   161 ||   987
  Block: Buckler           |    17 |    39 |   128 |    51 |       |       |       |       |       ||   235
         Reflection        |       |       |     1 |    19 |    18 |    99 |    79 |    56 |    12 ||   284
         Kite shield       |       |       |       |   282 |   548 |       |       |       |       ||   830
         Tower shield      |       |       |       |       |   286 |  1210 |   936 |  1480 |  1054 ||  4966

Table legend: (Time is in decaauts)
 A = Elapsed time spent in this place.
 B = Non-inter-level travel time spent in this place.
 C = Inter-level travel time spent in this place.
 D = Time resting spent in this place.
 E = Time spent auto-exploring this place.
 F = Levels seen in this place.
 G = Mean time per level.
                   A        B        C        D        E       F      G
               +--------+--------+--------+--------+--------+-----+--------+
         Total |  88879 |  78541 |  10338 |  26441 |  37916 |  62 | 1433.5 |
       Dungeon |  18619 |  15169 |   3450 |   2159 |  10167 |  15 | 1241.3 |
        Temple |     97 |     89 |      8 |      0 |     83 |   1 |   97.0 |
          Lair |   9608 |   8551 |   1057 |   2569 |   4716 |   5 | 1921.6 |
         Swamp |   5936 |   5686 |    250 |   3003 |   1850 |   4 | 1484.0 |
     Snake Pit |   5675 |   5308 |    367 |   1848 |   2673 |   4 | 1418.8 |
    Slime Pits |   1727 |   1680 |     47 |    924 |    362 |   5 |  345.4 |
  Orcish Mines |   2390 |   1803 |    587 |    200 |   1245 |   2 | 1195.0 |
   Elven Halls |   7980 |   7033 |    947 |   3516 |   2088 |   3 | 2660.0 |
        Vaults |  12057 |  10666 |   1391 |   4041 |   4747 |   5 | 2411.4 |
         Crypt |   4021 |   3809 |    212 |    996 |   2065 |   3 | 1340.3 |
        Depths |   8112 |   6693 |   1419 |   2495 |   2996 |   4 | 2028.0 |
          Hell |    602 |    584 |     18 |      0 |    442 |   1 |  602.0 |
           Zot |   9991 |   9411 |    580 |   3929 |   3814 |   5 | 1998.2 |
         Abyss |     15 |     15 |      0 |      0 |      0 |   1 |   15.0 |
        Bazaar |    166 |    166 |      0 |      0 |     64 |   1 |  166.0 |
         Trove |     51 |     51 |      0 |      0 |      0 |   1 |   51.0 |
       Ossuary |    514 |    514 |      0 |      0 |    318 |   1 |  514.0 |
      Gauntlet |   1311 |   1311 |      0 |    760 |    285 |   1 | 1311.0 |
               +--------+--------+--------+--------+--------+-----+--------+

Top non-repeatable levels by time:
Vaults:4: 4170 daAuts
   Elf:2: 3975 daAuts
   Zot:3: 3240 daAuts
Depths:2: 2965 daAuts
 Snake:3: 2798 daAuts
  Lair:3: 2798 daAuts
Vaults:1: 2444 daAuts
Vaults:3: 2416 daAuts
   Zot:5: 2250 daAuts
    D:13: 2250 daAuts
   Elf:3: 2215 daAuts
Depths:1: 2099 daAuts
  Lair:4: 2062 daAuts
     D:8: 1954 daAuts
 Swamp:4: 1793 daAuts
